 Dungeon Crawl Stone Soup version 0.29.0-15-g675c0067aa (webtiles) character file.

Game seed: 11501390077860135914

99 qw the Chopper (level 4, -2/28 HPs)
             Began as a Gargoyle Fighter on Sept 12, 2022.
             Slain by Sigmund
             ... wielding a +0 scythe
              (9 damage)
             ... on level 3 of the Dungeon.
             The game lasted 00:00:55 (2044 turns).

qw the Chopper (Gargoyle Fighter)                   Turns: 2044, Time: 00:00:55

Health: -2/28      AC: 10    Str: 22    XL:     4   Next: 72%
Magic:  4/4        EV:  9    Int:  8    God:
Gold:   172        SH:  4    Dex:  9    Spells: 3/3 levels left

rFire   . . .      SeeInvis .   Y - +0 war axe
rCold   . . .      Faith    .   c - +0 buckler
rNeg    + . .      Spirit   .   b - +0 scale mail
rPois   inf        Reflect  .   (no helmet)
rElec   +          Harm     .   (no cloak)
rCorr   .          Rampage  .   (no gloves)
Will    .....                   (no boots)
Stlth   ..........              (no amulet)
HPRegen 0.09/turn               (no ring)
MPRegen 0.09/turn               (no ring)

@: no status effects
A: sickness immunity, AC +3, negative energy resistance 1, electricity
resistance, torment resistance 1, petrification resistance
a: no special abilities


You were on level 3 of the Dungeon.
You visited 1 branch of the dungeon, and saw 3 of its levels.

You collected 172 gold pieces.


Innate Abilities, Weirdness & Mutations

You are immune to sickness and miasma.
Your stone body is resilient. (AC +3)
You are immune to poison.
You resist negative energy. (rN+)
You are resistant to electric shocks. (rElec)
You are resistant to unholy torment.
You are immune to petrification.


   Skills:
 - Level 3.2 Fighting
 + Level 4.3 Axes
 - Level 3.2 Armour
 - Level 3.2 Shields


You had 3 spell levels left.
You didn't know any spells.
Your spell library was empty.

Inventory:

Hand Weapons
 h - a +0 mace of draining
 Y - a +0 war axe (weapon)
Armour
 b - a +0 scale mail (worn)
 c - a +0 buckler (worn)
Scrolls
 a - a scroll of magic mapping {unknown}
Potions
 d - a potion of might
 e - a potion of haste {unknown}
 f - a potion of curing
 g - a potion of mutation {unknown}
 j - a potion of heal wounds {unknown}

Dungeon Overview and Level Annotations

Branches:
Dungeon (3/15)

Altars:
Elyvilon

Annotations:
D:3 Grinder, Sigmund


Message History

You closely miss Grinder.
Grinder is moderately wounded.
You barely miss the goblin. You block the goblin's attack.
Grinder says, "Just stop there for a second..."
Grinder hits you but does no damage. Something hits you but does no damage.
You closely miss Grinder.
Grinder is moderately wounded.
You closely miss the goblin. The goblin hits you but does no damage.
Grinder hits you but does no damage. The goblin hits you but does no damage.
The rat closely misses you. Grinder hits you but does no damage.
Something hits you.
You hit Grinder.
Grinder is heavily wounded.
You hit the goblin.
You kill the goblin!
You slash the rat!
You kill the rat!
Grinder gestures at you.
You barely resist. You slash Grinder!
Grinder is severely wounded.
You hear some strange, mumbled words.
Something tries to affect you, but you resist.
Grinder gestures at you. Pain shoots through your body! Something hits you.
You slash Grinder!
Grinder is almost dead.
Grinder says, "I used to sell toenails on the black market."
Grinder gestures at you. Pain shoots through your body!
Something hits you but does no damage. Grinder gestures at you.
Pain shoots through your body!
You hit Grinder but do no damage.
Grinder is almost dead.
Grinder closely misses you.
You hit Grinder but do no damage.
Grinder is almost dead.
Something hits you!
You die...

...#...).>....#
...#..........# ## ##
..........<...# .##..
....[.........# ....
....¤.........###..###
#...¤~.8.¤.....?.....#
#...¤~...¤¤..........#
#...¤~~¤~¤......5....#
....¤~~¤¤~¤.....@....#
....¤~¤.~¤¤.=...)%.....#
.....¤¤_~¤..)...{....###
.(...¤~~~~...........#
..¤¤~~............#
.¤..............#
.....##..###.##.# .....
##.. .# .. ..... ## #


You could see Grinder.

Vanquished Creatures
  3 adders
  An adder zombie (D:2)
  2 worms (D:2)
  5 bats (D:2)
  A bat skeleton (D:2)
  3 endoplasms (D:1)
  3 giant cockroaches
  3 goblins
  3 hobgoblins
  9 jackals
  2 quokkas (D:2)
  3 ball pythons (D:1)
  A ball python zombie (D:2)
  5 frilled lizards
  2 giant cockroach zombies (D:2)
  A jackal skeleton (D:2)
  5 kobolds
  A quokka skeleton (D:2)
  A quokka zombie (D:2)
  8 rats
62 creatures vanquished.

Vanquished Creatures (others)
  A withered plant (D:2)
1 creature vanquished.

Grand Total: 63 creatures vanquished

Notes
Turn   | Place    | Note
-------+----------+-------------------------------------------
     0 | D:1      | qw the Gargoyle Fighter began the quest for the Orb.
     0 | D:1      | Reached XP level 1. HP: 14/14 MP: 1/1
     0 | D:1      | 0 ||| qw: Version: 0.1-a-119-g272c26d
     0 | D:1      | 0 ||| qw: Game counter: 10932
     0 | D:1      | 0 ||| qw: Always use a shield: true
     0 | D:1      | 0 ||| qw: God list: Okawaru
     0 | D:1      | 0 ||| qw: Allow faded altars: false
     0 | D:1      | 0 ||| qw: Do Orc after D:15 true
     0 | D:1      | 0 ||| qw: Do second Lair branch before Depths: true
     0 | D:1      | 0 ||| qw: Lair rune preference: random
     0 | D:1      | 0 ||| qw: Plans: Normal, Zot, God:TSO, Crypt, Tomb, Pan,
                  | Slime, Hells, Zig, Abyss, Orb
     0 | D:1      | 0 ||| PLANNING D:1-11
   108 | D:1      | Reached skill level 2 in Axes
   155 | D:1      | 155 ||| Stepping randomly (stuck).
   156 | D:1      | 156 ||| Stepping randomly (stuck).
   157 | D:1      | 157 ||| Stepping randomly (stuck).
   313 | D:1      | Reached XP level 2. HP: 19/19 MP: 2/2
   346 | D:1      | 346 ||| Stepping ~*~*~tactically~*~*~ (stealth).
   391 | D:1      | 391 ||| DROPPING +0 club.
   492 | D:1      | 492 ||| DROPPING +0 whip.
   607 | D:1      | Reached skill level 3 in Axes
   852 | D:1      | 852 ||| DRINKING 3 cyan potions.
   873 | D:2      | 873 ||| Stepping ~*~*~tactically~*~*~ (stealth).
   874 | D:2      | 874 ||| Stepping ~*~*~tactically~*~*~ (stealth).
   879 | D:2      | Reached XP level 3. HP: 13/23 MP: 3/3
   894 | D:2      | 894 ||| FLEEEEING.
   895 | D:2      | 895 ||| FLEEEEING.
   896 | D:2      | 896 ||| STAIRDANCE
  1064 | D:2      | 1064 ||| STAIRDANCE
  1143 | D:2      | 1143 ||| Stepping ~*~*~tactically~*~*~ (stealth).
  1196 | D:2      | 1196 ||| Stepping ~*~*~tactically~*~*~ (stealth).
  1219 | D:2      | 1219 ||| Stepping ~*~*~tactically~*~*~ (stealth).
  1240 | D:2      | 1240 ||| Stepping ~*~*~tactically~*~*~ (stealth).
  1241 | D:2      | 1241 ||| FLEEEEING.
  1292 | D:2      | 1292 ||| Stepping ~*~*~tactically~*~*~ (stealth).
  1316 | D:2      | 1316 ||| Stepping ~*~*~tactically~*~*~ (stealth).
  1359 | D:2      | Reached XP level 4. HP: 28/28 MP: 4/4
  1403 | D:2      | Found a faded altar of an unknown god.
  1410 | D:2      | Reached skill level 4 in Axes
  1990 | D:2      | 1990 ||| READING scroll labelled SAWUNI HILOUS.
  2014 | D:3      | Found a white marble altar of Elyvilon.
  2015 | D:3      | Identified the +0 robe of the Unbroken {+Blink rElec Int-5
                  | SInv}
  2026 | D:3      | Noticed Grinder
  2027 | D:3      | Noticed Sigmund
  2031 | D:3      | 2031 ||| DRINKING 2 potions of curing.
  2031 | D:3      | 2031 ||| (to cure confusion)
  2042 | D:3      | HP: 7/28 [Grinder/nerve-wracking pain (2)]
  2044 | D:3      | Slain by Sigmund

Levels and vault maps discovered:
D:1:      tarquinn_simple_flora_water_e, layout_loops_ring, hex_tiny,
          hangedman_glass_teeth, amcnicky_mini_pool_small
D:2:      layout_basic, serial_undead, serial_undead_e, serial_undead_a,
          serial_undead_a, serial_undead_a, ebering_ecumenical_altar_box,
          minmay_split_cup_small
D:3:      layout_rooms, mainiacjoe_overflow_catwalk, minmay_pentangle,
          uniq_crazy_yiuf_cottage, uniq_grinder, uniq_sigmund

Skill      XL: |  1  2  3  4 |
---------------+-------------+-----
Axes           | 2 3 4 |  4.3
Fighting       | |  3.2
Armour         | |  3.2
Shields        | |  3.2

Action                   |  1- 3 |  4- 6 || total
-------------------------+-------+-------++-------
Melee: War axe           |   109 |    70 ||   179
  Use: Potion            |     1 |     1 ||     2
       Scroll            |       |     1 ||     1
Armor: Scale mail        |    69 |    35 ||   104
Dodge: Dodged            |    52 |    21 ||    73
Block: Buckler           |    20 |    17 ||    37

Table legend:
 A = Non-vault XP
 B = Vault XP
 C = Vault XP percentage of total XP
 D = Non-vault monster count
 E = Vault monster count
 F = Vault count percentage of total count
                 A         B        C        D         E       F
            +---------+---------+-------+---------+---------+-------
      Total |     124 |      18 |  12.7 |      51 |      11 |  17.7
            +---------+---------+-------+---------+---------+-------
        D:1 |      46 |       0 |   0.0 |      23 |       0 |   0.0
        D:2 |      73 |      18 |  19.8 |      25 |      11 |  30.6
        D:3 |       5 |       0 |   0.0 |       3 |       0 |   0.0
            +---------+---------+-------+---------+---------+-------
